 Dungeon Crawl Stone Soup version 0.17.1-2-g5865329 (webtiles) character file.

924 Beholder179 the Shooter (level 7, 0/49 HPs)
             Began as a High Elf Hunter on Jan 24, 2016.
             Was an Initiate of Yredelemnul.
             Killed by divine providence
             ... invoked by an orc priest
              (12 damage)
             ... on level 6 of the Dungeon on Jan 25, 2016.
             The game lasted 00:55:04 (5936 turns).

Beholder179 the Shooter (High Elf Hunter)           Turns: 5936, Time: 00:55:04

Health: 0/49       AC: 12    Str: 13    XL:     7   Next: 84%
Magic:  11/11      EV:  7    Int: 15    God:    Yredelemnul [......]
Gold:   317        SH:  0    Dex: 16    Spells: 0 memorised, 10 levels left

rFire  . . .     SeeInvis +     g - +4 mace
rCold  + . .     Clarity  .     m - +0 storm dragon armour
rNeg   . . .     SustAt   +     (no shield)
rPois  .         Gourm    .     (no helmet)
rElec  +         Spirit   .     (no cloak)
rCorr  .         Warding  .     (no gloves)
rMut   .         Stasis   .     (no boots)
MR     .....                    (no amulet)
Stlth  ..........               (no ring)
                                u - ring of Puquneth {SustAt rC+ SInv Stlth-}

@: not resistant to hostile enchantments, extremely unstealthy
A: no striking features
a: Renounce Religion


You were on level 6 of the Dungeon.
You worshipped Yredelemnul.
Yredelemnul was noncommittal.
You were not hungry.

You visited 1 branch of the dungeon, and saw 6 of its levels.

You collected 317 gold pieces.

Inventory:

Hand Weapons
 a - a +1 shortbow
 b - a +2 mace of protection
 g - a +4 mace (weapon)
 v - a +0 lajatang
 B - a +0 dire flail
Missiles
 d - 146 arrows
 t - 2 tomahawks
 y - 12 arrows of flame
 G - a throwing net (quivered)
Armour
 m - a +0 storm dragon armour (worn)
Jewellery
 c - an uncursed ring of fire {unknown}
 j - an uncursed ring of teleportation
 u - the ring of Puquneth (left hand) {SustAt rC+ SInv Stlth-}
   (You found it on level 4 of the Dungeon)

   [ring of sustain attributes]

   It sustains your strength, intelligence and dexterity.
   It protects you from cold.
   It lets you see invisible.
   It makes you less stealthy.
Wands
 r - a wand of paralysis (0)
 s - a wand of digging (12)
 F - a wand of digging (20)
Scrolls
 o - a scroll of enchant armour {unknown}
 p - 3 scrolls of teleportation {unknown}
 x - a scroll of amnesia
 A - a scroll of fear {unknown}
Potions
 f - 2 potions of mutation
 h - a potion of cancellation {unknown}
 k - a potion of agility {unknown}
 l - a potion of lignification {unknown}
 q - 2 potions of curing
 w - a potion of ambrosia {unknown}
 z - 3 potions of poison {unknown}
 H - a potion of cure mutation {unknown}
Books
 C - a book of Callings

   Spells                             Type                      Level
   a - Summon Small Mammal            Summoning                    1
   b - Call Imp                       Summoning                    2
   c - Call Canine Familiar           Summoning                    3
   d - Summon Guardian Golem          Hexes/Summoning              3
   e - Summon Lightning Spire         Summoning/Air                4
   f - Summon Ice Beast               Ice/Summoning                4
Comestibles
 e - 4 bread rations
 i - 2 fruits
 n - a meat ration
 E - 4 chunks of flesh


   Skills:
 + Level 4.5 Fighting
 - Level 7.0 Bows
 * Level 5.6 Armour
 - Level 2.4 Dodging
 - Level 1.2 Stealth
 * Level 2.1 Spellcasting
 * Level 1.8 Invocations
 - Level 0.2 Evocations


You had 10 spell levels left.
You didn't know any spells.

Dungeon Overview and Level Annotations

Branches:
Dungeon (6/15)
 Temple: D:4-7

Altars:
Dithmenos
Trog
Yredelemnul

Portals:
Ossuary: D:6

Annotations:
D:3 Jobasha's ghost, amateur HuFi


Message History

The giant frog skeleton closely misses you.
The orc warrior hits you but does no damage.
You hit the orc warrior.
The orc warrior is severely wounded.
The giant frog skeleton hits you.
The orc priest struggles to escape the net.
The orc priest hits you but does no damage.
The orc warrior hits you with a mace!
The giant frog skeleton hits you but does no damage.
The orc priest struggles against the net.
Your storm dragon armour prevents you from hitting the orc warrior.
The orc warrior is severely wounded.
The giant frog skeleton hits you but does no damage.
The orc priest hits you but does no damage.
The orc warrior hits you with a mace!
* * * LOW HITPOINT WARNING * * *
The orc priest mumbles some strange prayers to Beogh against you.
Something smites you!
You die...
Your body rises from the dead as a mindless zombie.

*,******* *,*,,,,,,
*,*,***,, *,*,*,,,,
******,*,*,*,*
*,,,,,,,,,,,,,
#####+##**,*,*,*,*
#.o....# #.#,*,,,*
#@o....# #.#,*****
#Zo....# #.#,,,,,,
##..(...# #.#******
#.......###.# #####
#.∩.##(..##.# #...#
#...##...##.###...#
#.##..>.('....'....
#.......(######....
####...###* #....


You could see an orc warrior, 2 orc priests and a giant frog skeleton.

Vanquished Creatures
  Edmund (D:6)
  A centaur (D:5)
  5 killer bees
  A giant frog zombie (D:6)
  A jelly (D:5)
  A gnoll shaman (D:6)
  A quasit (D:5)
  A hound (D:4)
  Jessica (D:2)
  A worker ant (D:5)
  A hound zombie (D:6)
  4 hound skeletons
  6 gnolls (D:6)
  3 adders
  A shadow imp (D:5)
  8 oozes
  3 worms
  A giant gecko (D:3)
  12 orcs
  3 bats
  11 giant cockroaches
  6 hobgoblins
  15 jackals
  6 kobolds
  5 quokkas
  10 giant newts
  5 goblins
  A hobgoblin zombie (D:6)
  A jackal zombie (D:5)
  11 rats
127 creatures vanquished.

Notes
Turn   | Place    | Note
--------------------------------------------------------------
     0 | D:1      | Beholder179 the High Elf Hunter began the quest for the Orb.
     0 | D:1      | Reached XP level 1. HP: 14/14 MP: 2/2
     2 | D:1      | Found a runed door.
   593 | D:1      | Reached XP level 2. HP: 19/19 MP: 3/3
  1043 | D:1      | Reached skill level 6 in Bows
  1074 | D:1      | Reached XP level 3. HP: 24/24 MP: 4/4
  1101 | D:1      | Reached skill level 1 in Armour
  1312 | D:2      | Noticed Jessica
  1323 | D:2      | Killed Jessica
  1323 | D:2      | Reached XP level 4. HP: 29/29 MP: 5/5
  1440 | D:2      | Found a shadowy altar of Dithmenos.
  1722 | D:2      | Reached skill level 7 in Bows
  2130 | D:3      | Reached XP level 5. HP: 24/35 MP: 6/6
  2773 | D:3      | Noticed Jobasha's ghost (amateur HuFi)
  3610 | D:4      | Reached XP level 6. HP: 19/42 MP: 7/7
  3667 | D:5      | Entered Level 5 of the Dungeon
  4009 | D:5      | Found a basalt altar of Yredelemnul.
  4009 | D:5      | Found a bloodstained altar of Trog.
  4013 | D:5      | Became a worshipper of Yredelemnul the Dark
  4086 | D:4      | Got a shimmering amber ring
  4203 | D:4      | Identified the ring of Puquneth {SustAt rC+ SInv Stlth-} (You found it on level 4 of the Dungeon)
  4913 | D:5      | Reached skill level 1 in Invocations
  4913 | D:5      | Reached XP level 7. HP: 6/48 MP: 7/9
  5239 | D:5      | Reached skill level 1 in Spellcasting
  5602 | D:6      | Noticed Edmund
  5623 | D:6      | Killed Edmund
  5623 | D:6      | Reached skill level 5 in Armour
  5917 | D:6      | Found a sand-covered staircase.
  5936 | D:6      | Killed from afar by an orc priest

Action                   |  1- 3 |  4- 6 |  7- 9 || total
-------------------------+-------+-------+-------++-------
Melee: Short sword       |    10 |       |       ||    10
       Mace              |   122 |   261 |   156 ||   539
 Fire: Shortbow          |       |     9 |     9 ||    18
Throw: Tomahawk          |       |     8 |     3 ||    11
       Throwing net      |       |       |     1 ||     1
Evoke: Wand              |       |     9 |       ||     9
  Use: Scroll            |       |     7 |     1 ||     8
       Potion            |       |     1 |     2 ||     3
 Stab: Sleeping          |     4 |       |       ||     4
       Paralysed         |       |     8 |     4 ||    12
  Eat: Chunk             |     2 |     4 |       ||     6
       Meat ration       |       |     1 |     1 ||     2
       Beef jerky        |       |     1 |       ||     1
